 Dungeon Crawl Stone Soup version 0.25-a0-670-g50981ef59b (webtiles) character file.

Game seed: 393463700218556130, levelgen mode: deterministic

5065 MisterFreud the Blocker (level 10, 0/82 HPs)
             Began as a Gnoll Fighter on Mar 29, 2020.
             Was a Priest of Ashenzari.
             Slain by Urug
             ... wielding a +2 great mace of protection
              (20 damage)
             ... on level 1 of the Lair of Beasts.
             The game lasted 00:26:54 (8525 turns).

MisterFreud the Blocker (Gnoll Fighter)             Turns: 8525, Time: 00:26:55

Health: 0/82       AC: 15    Str: 19    XL:     10   Next: 56%
Magic:  17/17      EV:  9    Int: 13    God:    Ashenzari [***...]
Gold:   412        SH: 17    Dex: 15    Spells: 19/19 levels left

rFire    . . .     SeeInvis +   i - +2 dagger (venom) (curse)
rCold    . . .     Gourm    .   c - +0 kite shield (curse)
rNeg     . . .     Faith    .   j - +0 chain mail
rPois    .         Spirit   .   A - +0 helmet
rElec    .         Reflect  +   r - +0 cloak
rCorr    .         Harm     .   (no gloves)
MR       .....                  u - +0 pair of boots
Stlth    ..........             D - +5 amulet of reflection
HPRegen  0.23/turn              (no ring)
MPRegen  0.15/turn              (no ring)

@: mighty, hasted, very quick
A: distributed training, fangs 1, strong nose
a: Curse Item, Scrying, Renounce Religion


You were on level 1 of the Lair of Beasts.
You worshipped Ashenzari.
Ashenzari was most pleased with you.
You were not hungry.

You visited 2 branches of the dungeon, and saw 9 of its levels.

You collected 512 gold pieces.
You spent 100 gold pieces at shops.

Inventory:

Hand Weapons
 a - a +0 rapier
 i - a cursed +2 dagger of venom (weapon)
 q - a +3 quarterstaff of chaos
 t - a +1 short sword of flaming
Missiles
 g - 17 poisoned darts
 k - 178 stones (quivered)
 m - 84 bolts
 y - 10 sling bullets
 G - 132 arrows
 K - 6 curare-tipped darts
 O - a throwing net
Armour
 b - a +2 robe of magic resistance
 c - a cursed +0 kite shield (worn)
 j - a +0 chain mail (worn)
 r - a +0 cloak (worn)
 u - a +0 pair of boots (worn)
 A - a +0 helmet (worn)
Jewellery
 D - a +5 amulet of reflection (around neck)
 J - an uncursed amulet of regeneration
Wands
 H - a wand of scattershot (2)
 L - a wand of digging (5)
Scrolls
 e - a scroll of immolation {unknown}
 l - 2 scrolls of amnesia
 s - 3 scrolls of fear
 v - 2 scrolls of magic mapping
 w - 2 scrolls of remove curse
 x - 2 scrolls of blinking {unknown}
 B - 3 scrolls of teleportation
 F - 2 scrolls of fog {unknown}
 M - a scroll of vulnerability {unknown}
 N - a scroll of identify
Potions
 d - a potion of might
 h - a potion of curing
 n - a potion of ambrosia
 o - a potion of flight
 p - 2 potions of cancellation
 E - a potion of brilliance
 I - 2 potions of stabbing
Comestibles
 f - 12 rations
 C - 11 chunks of flesh


   Skills:
 + Level 8.5 Fighting
 + Level 7.1(10.1) Short Blades
 + Level 5.3 Long Blades
 + Level 5.3 Axes
 + Level 5.3 Maces & Flails
 + Level 5.3 Polearms
 + Level 5.3 Staves
 + Level 5.3 Slings
 + Level 5.3 Bows
 + Level 5.3 Crossbows
 + Level 5.3 Throwing
 + Level 8.5 Armour
 + Level 5.3 Dodging
 + Level 5.3 Stealth
 + Level 8.5(10.4) Shields
 + Level 5.3 Unarmed Combat
 + Level 5.3 Spellcasting
 + Level 4.3 Conjurations
 + Level 4.3 Hexes
 + Level 4.3 Charms
 + Level 4.3 Summonings
 + Level 4.3 Necromancy
 + Level 4.3 Translocations
 + Level 4.3 Transmutations
 + Level 4.3 Fire Magic
 + Level 4.3 Ice Magic
 + Level 4.3 Air Magic
 + Level 4.3 Earth Magic
 + Level 4.3 Poison Magic
 + Level 5.8 Invocations
 + Level 5.3 Evocations


You had 19 spell levels left.
You didn't know any spells.
Your spell library contained the following spells:

 Spells                   Type           Power        Failure   Level  Hunger
 Beastly Appendage        Tmut           ##....       43%         1    None
 Infusion                 Chrm           ##..         43%         1    None
 Shock                    Conj/Air       ##..         43%         1    None
 Shroud of Golubria       Chrm/Tloc      ##....       56%         2    ##.....
 Song of Slaying          Chrm           ##......     56%         2    ##.....
 Sticks to Snakes         Tmut           ##......     56%         2    ##.....
 Swiftness                Chrm/Air       ##......     56%         2    ##.....
 Ozocubu's Armour         Chrm/Ice       ##......     80%         3    ###....
 Spectral Weapon          Hex/Chrm       ##......     80%         3    ###....
 Spider Form              Tmut/Pois      ##........   80%         3    ###....
 Static Discharge         Conj/Air       ##......     80%         3    ###....
 Airstrike                Air            ##........   99%         4    ####...
 Ice Form                 Ice/Tmut       ##......     99%         4    ####...
 Blade Hands              Tmut           ##........   100%        5    ######.
 Lightning Bolt           Conj/Air       ##........   100%        5    ######.


Dungeon Overview and Level Annotations

Branches:
Dungeon (8/15)             Temple (0/1) D:6            Lair (1/6) D:8

Altars:
Ashenzari
Cheibriados
Elyvilon
Fedhas
Nemelex Xobeh
Okawaru
Qazlal
Trog
Wu Jian
Xom
Yredelemnul
Zin
The Shining One

Shops:
D:4 ?   D:6 [

Annotations:
D:5 1 runed translucent door, Flugslaktarn's ghost, novice DDFi
D:6 exclusion: electric eel
D:7 1 exclusion
D:8 Psyche
Lair:1 Urug


Innate Abilities, Weirdness & Mutations

Your experience applies equally to all skills.
You have very sharp teeth.
Your uncanny sense of smell can sniff out nearby items.


Message History

Urug throws a javelin.
The javelin pierces through you!
Found 20 arrows.
You see here a javelin.
Urug throws a javelin.
The javelin pierces through you!
You see here a javelin.
You block Urug's attack.
You feel very mighty all of a sudden.
Urug hits you with a +2 great mace of protection!
Your chain mail prevents you from hitting Urug.
Your bite misses Urug. You closely miss Urug. Urug barely misses you.
You hit Urug but do no damage.
Urug is poisoned.
You closely miss Urug.
Urug hits you with a +2 great mace of protection!!
* * * LOW HITPOINT WARNING * * *
You puncture Urug! You bite Urug.
Urug is lightly wounded.
You feel yourself speed up.
Urug hits you with a +2 great mace of protection!!
You die...

, .....+....# , ... ,
.....P..#.# ** ....
.....#..+.# ,
,#PP.##+#...#..#.##
........#...##..P# ###
*,
......(.#....†..####.###
,
........#...............
,
.......o#...............
,
##..###@#...............
,
.......((...............
*
##.##.#####.###.########
* * ## ### ###


You could see Urug.

Vanquished Creatures
  A komodo dragon (Lair:1)
  A hornet (D:8)
  Prince Ribbit (D:8)
  2 hippogriffs (Lair:1)
  A wyvern (D:7)
  A water moccasin (Lair:1)
  2 black bears
  A sky beast (D:8)
  6 ogres
  2 orc warriors
  2 necrophages (D:8)
  4 centaurs
  An elf zombie (D:8)
  Blork the orc (D:5)
  A big kobold (D:6)
  4 bullfrogs
  A scorpion (D:4)
  2 wights (D:8)
  An electric eel (D:6)
  2 jellies
  2 crimson imps
  4 human zombies (D:8)
  3 centaur zombies
  6 hounds
  A quasit (D:6)
  9 orc priests
  Crazy Yiuf (D:2)
  9 orc wizards
  2 bullfrog skeletons (D:5)
  Ijyb (D:5)
  A human skeleton (D:8)
  9 worker ants
  Terence (D:2)
  An ogre zombie (D:8)
  2 hound skeletons
  A hound zombie (D:6)
  A mummy (D:8)
  9 adders
  A shadow imp (D:7)
  An ooze (D:5)
  4 adder skeletons
  3 worms
  2 dart slugs (D:1)
  7 leopard geckos
  22 orcs
  A ball python (D:1)
  5 bats
  10 giant cockroaches
  6 goblins
  9 hobgoblins
  A jackal (D:1)
  5 quokkas
  3 frilled lizards
  10 kobolds
  3 rats
193 creatures vanquished.

Vanquished Creatures (others)
  A fungus (Lair:1)
  6 plants (D:6)
7 creatures vanquished.

Grand Total: 200 creatures vanquished

Notes
Turn   | Place    | Note
-------+----------+-------------------------------------------
     0 | D:1      | MisterFreud the Gnoll Fighter began the quest for the Orb.
     0 | D:1      | Reached XP level 1. HP: 23/23 MP: 1/1
   119 | D:1      | Reached XP level 2. HP: 28/29 MP: 2/2
   200 | D:1      | Reached XP level 3. HP: 35/35 MP: 3/3
  1005 | D:2      | Reached skill level 1 in Invocations
  1107 | D:2      | Reached skill level 1 in Long Blades
  1107 | D:2      | Reached skill level 1 in Axes
  1107 | D:2      | Reached skill level 1 in Maces & Flails
  1107 | D:2      | Reached skill level 1 in Polearms
  1107 | D:2      | Reached skill level 1 in Staves
  1107 | D:2      | Reached skill level 1 in Slings
  1107 | D:2      | Reached skill level 1 in Bows
  1107 | D:2      | Reached skill level 1 in Crossbows
  1107 | D:2      | Reached skill level 1 in Throwing
  1107 | D:2      | Reached skill level 1 in Dodging
  1107 | D:2      | Reached skill level 1 in Stealth
  1107 | D:2      | Reached skill level 1 in Unarmed Combat
  1107 | D:2      | Reached skill level 1 in Spellcasting
  1107 | D:2      | Reached skill level 1 in Evocations
  1107 | D:2      | Reached XP level 4. HP: 41/41 MP: 5/5
  1247 | D:2      | Found a runed translucent door.
  1248 | D:2      | Noticed Crazy Yiuf
  1257 | D:2      | Killed Crazy Yiuf
  1257 | D:2      | Reached skill level 1 in Conjurations
  1257 | D:2      | Reached skill level 1 in Hexes
  1257 | D:2      | Reached skill level 1 in Charms
  1257 | D:2      | Reached skill level 1 in Summonings
  1257 | D:2      | Reached skill level 1 in Necromancy
  1257 | D:2      | Reached skill level 1 in Translocations
  1257 | D:2      | Reached skill level 1 in Transmutations
  1257 | D:2      | Reached skill level 1 in Fire Magic
  1257 | D:2      | Reached skill level 1 in Ice Magic
  1257 | D:2      | Reached skill level 1 in Air Magic
  1257 | D:2      | Reached skill level 1 in Earth Magic
  1257 | D:2      | Reached skill level 1 in Poison Magic
  1358 | D:2      | Found a blossoming altar of Fedhas.
  1431 | D:2      | Found a shattered altar of Ashenzari.
  1433 | D:2      | Noticed Terence
  1437 | D:2      | Became a worshipper of Ashenzari the Shackled
  1448 | D:2      | Killed Terence
  1448 | D:2      | Reached XP level 5. HP: 45/47 MP: 6/6
  1928 | D:3      | Found a glowing silver altar of Zin.
  2096 | D:3      | Reached XP level 6. HP: 53/53 MP: 8/8
  2156 | D:3      | Found a stormy altar of Qazlal.
  2472 | D:4      | Found a sparkling altar of Nemelex Xobeh.
  2623 | D:4      | Reached skill level 5 in Short Blades
  2720 | D:4      | Found a shattered altar of Ashenzari.
  2786 | D:4      | Reached XP level 7. HP: 40/60 MP: 10/10
  2852 | D:4      | Found Pocarapheh's Magic Scroll Boutique.
  2855 | D:4      | Bought a scroll of fear for 35 gold pieces
  2855 | D:4      | Bought a scroll of teleportation for 30 gold pieces
  2855 | D:4      | Bought a scroll of amnesia for 35 gold pieces
  2970 | D:4      | Reached * piety under Ashenzari
  3324 | D:5      | Entered Level 5 of the Dungeon
  3441 | D:5      | Noticed Blork the orc
  3464 | D:5      | Killed Blork the orc
  3464 | D:5      | Reached XP level 8. HP: 65/67 MP: 12/12
  3649 | D:5      | Found a glowing golden altar of the Shining One.
  4238 | D:6      | Found a staircase to the Ecumenical Temple.
  4735 | D:6      | Reached XP level 9. HP: 72/72 MP: 14/14
  4857 | D:6      | Found Yreos's Antique Armour Shoppe.
  4985 | D:5      | Reached ** piety under Ashenzari
  5012 | D:5      | Found a snail-covered altar of Cheibriados.
  5046 | D:5      | Found an iron altar of Okawaru.
  5051 | D:5      | Noticed Ijyb
  5058 | D:5      | Killed Ijyb
  5396 | D:5      | Found a runed translucent door.
  5399 | D:5      | Noticed Flugslaktarn's ghost (novice DDFi)
  5810 | D:6      | Found an ornate altar of the Wu Jian Council.
  6077 | D:6      | Found a shimmering altar of Xom.
  6080 | D:6      | Found a white marble altar of Elyvilon.
  6083 | D:6      | Found a bloodstained altar of Trog.
  7208 | D:8      | Noticed a hornet
  7211 | D:8      | Killed a hornet
  7211 | D:8      | Reached skill level 5 in Invocations
  7410 | D:8      | Reached XP level 10. HP: 80/80 MP: 17/17
  7655 | D:8      | Noticed Prince Ribbit
  7695 | D:8      | Killed Prince Ribbit
  7748 | D:8      | Found a staircase to the Lair.
  7871 | D:8      | Reached skill level 5 in Long Blades
  7871 | D:8      | Reached skill level 5 in Axes
  7871 | D:8      | Reached skill level 5 in Maces & Flails
  7871 | D:8      | Reached skill level 5 in Polearms
  7871 | D:8      | Reached skill level 5 in Staves
  7871 | D:8      | Reached skill level 5 in Slings
  7871 | D:8      | Reached skill level 5 in Bows
  7871 | D:8      | Reached skill level 5 in Crossbows
  7871 | D:8      | Reached skill level 5 in Throwing
  7871 | D:8      | Reached skill level 5 in Dodging
  7871 | D:8      | Reached skill level 5 in Stealth
  7871 | D:8      | Reached skill level 5 in Unarmed Combat
  7871 | D:8      | Reached skill level 5 in Spellcasting
  7871 | D:8      | Reached skill level 5 in Evocations
  7875 | D:8      | Found a basalt altar of Yredelemnul.
  8221 | D:8      | Noticed Psyche
  8232 | Lair:1   | Entered Level 1 of the Lair of Beasts
  8455 | Lair:1   | Reached *** piety under Ashenzari
  8516 | Lair:1   | Noticed Urug
  8525 | Lair:1   | Slain by Urug

Levels and vault maps discovered:
D:1:      dpeg_arrival_tiny_c, layout_loops_ring, minmay_quantized
D:2:      layout_loops_cross, fedhas_altar_2, evilmike_ruin_ashenzari,
          uniq_terence, uniq_crazy_yiuf_cottage
D:3:      layout_loops_ring, lemuel_crystal_altar,
          nicolae_qazlal_general_emergency, first_ration
D:4:      layout_cave_pods, kennysheep_mini_moat, serial_shops,
          nicolae_shop_behind_doors, nemelex_xobeh_ov_fountains_minmay
D:5:      layout_basic, old_standard_altar, lemuel_crystal_altar,
          nicolae_overflow_crystal_walls, ebering_ghost_reflecting_pool,
          uniq_blork_the_orc, uniq_ijyb
D:6:      layout_loops_ring, kennysheep_mini, nicolae_overflow_hidden_temple,
          grunt_temple_overflow_diamond, minmay_temple_entry_sparse_star,
          serial_bayou, serial_bayou_pond_b, serial_bayou_crossing,
          serial_bayou_pond_b, serial_bayou_lagoon_b, serial_bayou_shore_b,
          serial_shops, shop
D:7:      layout_rooms, kennysheep_opposing_triangles
D:8:      layout_basic, lemuel_mausoleum_altar_yredelemnul, dpeg_oklobed_lair,
          uniq_prince_ribbit1, uniq_psyche, uniq_joseph
Lair:1:   layout_chaotic_city, uniq_urug, uniq_gastronok

Skill      XL: |  1  2  3  4  5  6  7  8  9 10 |
---------------+-------------------------------+-----
Invocations    | 1 2 3 4 5 |  5.8
Long Blades    | 1 2 3 4 5 |  5.3
Axes           | 1 2 3 4 5 |  5.3
Maces & Flails | 1 2 3 4 5 |  5.3
Polearms       | 1 2 3 4 5 |  5.3
Staves         | 1 2 3 4 5 |  5.3
Slings         | 1 2 3 4 5 |  5.3
Bows           | 1 2 3 4 5 |  5.3
Crossbows      | 1 2 3 4 5 |  5.3
Throwing       | 1 2 3 4 5 |  5.3
Dodging        | 1 2 3 4 5 |  5.3
Stealth        | 1 2 3 4 5 |  5.3
Unarmed Combat | 1 2 3 4 5 |  5.3
Spellcasting   | 1 2 3 4 5 |  5.3
Evocations     | 1 2 3 4 5 |  5.3
Conjurations   | 1 2 3 4 |  4.3
Hexes          | 1 2 3 4 |  4.3
Charms         | 1 2 3 4 |  4.3
Summonings     | 1 2 3 4 |  4.3
Necromancy     | 1 2 3 4 |  4.3
Translocations | 1 2 3 4 |  4.3
Transmutations | 1 2 3 4 |  4.3
Fire Magic     | 1 2 3 4 |  4.3
Ice Magic      | 1 2 3 4 |  4.3
Air Magic      | 1 2 3 4 |  4.3
Earth Magic    | 1 2 3 4 |  4.3
Poison Magic   | 1 2 3 4 |  4.3
Short Blades   | 5 6 7 |  7.1
Fighting       | 7 8 |  8.5
Armour         | 7 8 |  8.5
Shields        | 7 8 |  8.5

Action                   |  1- 3 |  4- 6 |  7- 9 | 10-12 || total
-------------------------+-------+-------+-------+-------++-------
Melee: Rapier            |   100 |       |       |       ||   100
       Bite              |    20 |    31 |    88 |    47 ||   186
       Dagger            |    39 |   140 |   569 |   303 ||  1051
Invok: Curse Item        |       |     2 |       |       ||     2
Evoke: Wand              |       |       |     1 |       ||     1
  Use: Scroll            |       |       |     8 |       ||     8
       Potion            |       |       |     1 |     2 ||     3
  Eat: Chunk             |     1 |     5 |    15 |     4 ||    25
Armor: Scale mail        |    35 |       |       |       ||    35
       Chain mail        |    12 |    42 |   112 |    44 ||   210
Dodge: Dodged            |    27 |    23 |    67 |    35 ||   152
Block: Kite shield       |    69 |    44 |   317 |   122 ||   552
       Reflection        |       |       |    11 |     7 ||    18

Table legend:
 A = Non-vault XP
 B = Vault XP
 C = Vault XP percentage of total XP
 D = Non-vault monster count
 E = Vault monster count
 F = Vault count percentage of total count
                 A         B        C        D         E       F
            +---------+---------+-------+---------+---------+-------
      Total |    5441 |    1796 |  24.8 |     161 |      32 |  16.6
            +---------+---------+-------+---------+---------+-------
        D:1 |      44 |       9 |  17.0 |      21 |       5 |  19.2
        D:2 |      55 |      73 |  57.0 |      11 |       2 |  15.4
        D:3 |     163 |       0 |   0.0 |      18 |       0 |   0.0
        D:4 |     709 |       0 |   0.0 |      22 |       0 |   0.0
        D:5 |     272 |     130 |  32.3 |      10 |       2 |  16.7
        D:6 |    1156 |     451 |  28.1 |      39 |       8 |  17.0
        D:7 |     943 |     155 |  14.1 |      18 |       2 |  10.0
        D:8 |     905 |     978 |  51.9 |      16 |      13 |  44.8
     Lair:1 |    1194 |       0 |   0.0 |       6 |       0 |   0.0
            +---------+---------+-------+---------+---------+-------
